 Dungeon Crawl Stone Soup version 0.32-a0-876-gcfddb08e57 (webtiles) character file.

Game seed: 2462053040417208060

11 rvierbuc the Magician (level 2, -1/19 HPs)
             Began as a Demonspawn Hedge Wizard on Apr 1, 2024.
             Slain by a quokka (5 damage)
             ... on level 2 of the Dungeon.
             The game lasted 00:01:25 (428 turns).

rvierbuc the Magician (Demonspawn Hedge Wizard)      Turns: 428, Time: 00:01:25

Health: -1/19      AC:  2    Str: 10    XL:     2   Next: 13%
Magic:  6/6        EV: 11    Int: 14    God:
Gold:   29         SH:  0    Dex: 12    Spells: 6/7 levels left

rFire   . . .        a - +0 dagger
rCold   . . .        (no shield)
rNeg    . . .        b - +0 robe
rPois   .            c - +0 hat
rElec   .            (no cloak)
rCorr   .            (no gloves)
SInv    .            (no boots)
Will    .....        (no amulet)
Stlth   ++           (no ring)
HPRegen 0.23/turn    (no ring)
MPRegen 0.10/turn

%: no passive effects
@: lethally poisoned (-1 -> -5)
A: claws 1
a: no special abilities


You were on level 2 of the Dungeon.
You visited 1 branch of the dungeon, and saw 2 of its levels.

You collected 29 gold pieces.

Inventory:

Hand Weapons
 a - a +0 dagger (weapon)
Armour
 b - a +0 robe (worn)
 c - a +0 hat (worn)
Jewellery
 e - a +4 ring of protection
Scrolls
 f - 4 scrolls of enchant armour {unknown}
 g - a scroll of immolation {unknown}
 h - a scroll of identify {unknown}
Potions
 d - a potion of magic


   Skills:
 + Level 1.9 Dodging
 + Level 1.9 Stealth
 + Level 3.0 Spellcasting
 + Level 1.2 Conjurations
 + Level 1.2 Summonings
 + Level 1.1 Translocations


You had 6 spell levels left.
You knew the following spells:

 Your Spells              Type           Power      Damage    Failure   Level
a - Magic Dart            Conj           20%        1d4       13%         1

Your spell library contained the following spells:

 Spells                   Type           Power      Damage    Failure   Level
 Blink                    Tloc           10%        N/A       21%         2
 Call Imp                 Summ           10%        N/A       21%         2
 Slow                     Hex            8%         N/A       22%         1
 Cigotuvi's Dreadful Rot  Necr/Alch/Air  4%         N/A       32%         2
 Mephitic Cloud           Conj/Alch/Air  3%         N/A       47%         3
 Maxwell's Portable Pile  Tloc           5%         2d(6-11)  78%         4
 Arcjolt                  Conj/Air       1%         1d11      99%         5
 Maxwell's Capacitive Co  Air            1%         ∞         100%        8


Dungeon Overview and Level Annotations

Branches:
Dungeon (1/15)

Altars:


Innate Abilities, Weirdness & Mutations

You have sharp fingernails.


Message History

The ball python hisses angrily.
The ball python bites you but does no damage.
You hit the ball python.
You kill the ball python!
No target in view!
No target in view!
An adder comes into view.
The adder hisses angrily.
A quokka comes into view.
The adder barely misses you.
You hit the adder.
The adder is moderately wounded.
The adder bites you.
You are poisoned.
The adder poisons you!
You hit the adder.
The adder is heavily wounded.
You feel sick. The adder barely misses you.
You barely miss the adder.
The adder is heavily wounded.
You feel sick. The adder bites you but does no damage.
The adder closely misses you.
You barely miss the adder.
The adder is heavily wounded.
You feel sick. The adder bites you.
You barely miss the adder.
The adder is heavily wounded.
You feel sick. The adder bites you.
You are more poisoned.
The adder poisons you!
You closely miss the adder.
The adder is heavily wounded.
You feel sick. The adder misses you. The adder bites you.
* * * LOW HITPOINT WARNING * * *
You are too injured to fight recklessly!
Okay, then.
You are too injured to fight recklessly!
* * * LOW HITPOINT WARNING * * *
You feel sick. The quokka bites you.
You die...

### # #.. ##+## #.##.#
##...## #...S#
##.....## ###.###.#
#.......## ##.#@r...#
.........####...##.###
.........'.......#.#
.........####...## #
#.......## ##.##
##.....## ### ..#...##
#.##+## #.


You could see an adder and a quokka.

Vanquished Creatures
  3 ball pythons
  A bat (D:1)
  3 endoplasms
  A goblin (D:1)
  2 frilled lizards (D:1)
10 creatures vanquished.

Notes
Turn   | Place    | Note
-------+----------+-------------------------------------------
     0 | D:1      | rvierbuc the Demonspawn Hedge Wizard began the quest for
                  | the Orb.
     0 | D:1      | Reached XP level 1. HP: 13/13 MP: 4/4
   153 | D:1      | Reached skill level 1 in Translocations
   304 | D:1      | Gained mutation: You have sharp fingernails. [demonic
                  | ancestry]
   304 | D:1      | Reached XP level 2. HP: 19/19 MP: 6/6
   364 | D:1      | You fall into a shaft and drop 1 floor!
   428 | D:2      | Slain by a quokka

Illustrated notes

Levels and vault maps discovered:
D:1:      eino_arrival_cavern_e, layout_loops_cross
D:2:      layout_loops_corners, serial_shops, nicolae_book_shop_shelving,
          minmay_tripent

Skill      XL: |  1 |
---------------+----+-----
Translocations | 1 |  1.1
Dodging        | |  1.9
Stealth        | |  1.9
Spellcasting   | |  3.0
Conjurations   | |  1.2
Summonings     | |  1.2

Action                     || total
---------------------------++-------
  Melee: Dagger            ||    26
   Cast: Magic Dart        ||     2
   Stab: Sleeping          ||     2
 Armour: Robe              ||    10
  Dodge: Dodged            ||    17

Table legend: (Time is in decaauts)
 A = Elapsed time spent in this place.
 B = Non-inter-level travel time spent in this place.
 C = Inter-level travel time spent in this place.
 D = Time resting spent in this place.
 E = Time spent auto-exploring this place.
 F = Levels seen in this place.
 G = Mean time per level.
                   A        B        C        D        E       F      G
               +--------+--------+--------+--------+--------+-----+--------+
         Total |    427 |    427 |      0 |      0 |    349 |   2 |  213.5 |
       Dungeon |    427 |    427 |      0 |      0 |    349 |   2 |  213.5 |
               +--------+--------+--------+--------+--------+-----+--------+

Top non-repeatable levels by time:
     D:1: 364 daAuts
     D:2: 63 daAuts
